 Dungeon Crawl Stone Soup version 0.29.1-15-g9cfb28693d (webtiles) character file.

Game seed: 6794410988985871629

116 venomsnake the Trooper (level 4, -1/41 HPs)
             Began as a Minotaur Berserker on Mar 24, 2023.
             Was a Believer of Trog.
             Killed from afar by an orc wizard (3 damage)
             ... with a magic dart
             ... on level 4 of the Dungeon.
             The game lasted 00:06:01 (2505 turns).

venomsnake the Trooper (Minotaur Berserker)         Turns: 2505, Time: 00:06:01

Health: -1/41      AC:  9    Str: 24    XL:     4   Next: 69%
Magic:  3/3        EV:  9    Int:  4    God:    Trog [**....]
Gold:   91         SH:  0    Dex:  9    Spells: 3/3 levels left

rFire   . . .      SeeInvis .   a - +0 hand axe
rCold   . . .      Faith    .   (no shield)
rNeg    . . .      Spirit   .   h - +0 chain mail
rPois   .          Reflect  .   (helmet restricted)
rElec   .          Harm     .   (no cloak)
rCorr   .          Rampage  .   (no gloves)
Will    .....                   (no boots)
Stlth   ..........              (no amulet)
HPRegen 0.13/turn               (no ring)
MPRegen 0.08/turn               (no ring)

@: confused
A: horns 2, retaliatory headbutt
a: Renounce Religion, Berserk, Trog's Hand


You were on level 4 of the Dungeon.
You worshipped Trog.
Trog was pleased with you.
You visited 1 branch of the dungeon, and saw 3 of its levels.

You collected 91 gold pieces.

Inventory:

Hand Weapons
 a - a +0 hand axe (weapon)
Missiles
 b - 4 poisoned darts (quivered)
 f - 4 javelins
Armour
 h - a +0 chain mail (worn)
Scrolls
 d - a scroll of noise {unknown}
 e - a scroll of fear {unknown}
 g - a scroll of brand weapon {unknown}
Potions
 c - a potion of heal wounds {unknown}
 i - a potion of cancellation {unknown}


   Skills:
 + Level 4.4 Fighting
 + Level 4.3 Axes
 + Level 3.4 Armour
 + Level 3.1 Dodging
 + Level 1.5 Evocations


You had 3 spell levels left.
You didn't know any spells.
Your spell library was empty.

Dungeon Overview and Level Annotations

Branches:
Dungeon (4/15)             Temple (0/1) D:4

Altars:


Innate Abilities, Weirdness & Mutations

You have a pair of horns on your head.
You reflexively headbutt those who attack you in melee.


Message History

* * * LOW HITPOINT WARNING * * *
The orc hits you but does no damage. The orc attacks as you move away!
The orc closely misses you. The orc attacks as you move away!
The orc hits you but does no damage.
The orc wizard points at you and mumbles some strange words.
You resist with some effort. Something completely misses you.
You are too confused!
You bump into the rock wall.
The orc barely misses you. Something hits you but does no damage.
You bump into the rock wall.
The orc wizard hits you but does no damage.
The orc hits you but does no damage. Something hits you but does no damage.
You barely miss something. You hit the orc wizard. You closely miss the orc.
You hit the orc.
You kill the orc!
Trog accepts your kill.
You closely miss the orc. The orc hits you but does no damage.
You hear some strange, mumbled words.
You are more confused.
The orc wizard hits you but does no damage.
The orc hits you with a +0 flail.
* * * LOW HITPOINT WARNING * * *
You miss something. You hit the orc but do no damage. You miss the orc wizard.
You barely miss the orc. The orc wizard barely misses you.
The orc closely misses you.
You hear some strange, mumbled words.
You are more confused.
The orc barely misses you.
You barely miss the orc. You barely miss the orc wizard.
You barely miss the orc. You closely miss something.
The orc wizard barely misses you. The orc hits you but does no damage.
You hear some strange, mumbled words.
A puff of flame appears from out of thin air!
The puff of flame hits you!
* * * LOW HITPOINT WARNING * * *
The orc barely misses you. The orc hits you but does no damage.
Something hits you but does no damage. The orc wizard casts a spell at you.
The magic dart hits you.
You die...

#.........#
##.........###.
##.............
#............#
#............#
#............##
##............#
##..o{o......# .
###)@o......#
..######........#
......##)......#
##...#..........#
..#.#....######...
....#..#.# ###
#....##..#
.....>.....#
......##....#..##


You could see an orc wizard and 2 orcs.

Vanquished Creatures
  A gnoll bouda (D:4)
  3 gnolls
  An adder (D:2)
  A worm (D:4)
  An orc (D:4)
  5 bats (D:1)
  3 endoplasms (D:1)
  6 goblins
  8 hobgoblins
  3 kobolds
  3 quokkas (D:1)
  4 ball pythons
  3 frilled lizards (D:1)
  3 rats
45 creatures vanquished.

Vanquished Creatures (others)
  8 plants (D:1)
8 creatures vanquished.

Grand Total: 53 creatures vanquished

Notes
Turn   | Place    | Note
-------+----------+-------------------------------------------
     0 | D:1      | venomsnake the Minotaur Berserker began the quest for the
                  | Orb.
     0 | D:1      | Reached XP level 1. HP: 19/19 MP: 0/0
   625 | D:1      | Reached XP level 2. HP: 26/27 MP: 1/1
  1397 | D:1      | Reached XP level 3. HP: 32/33 MP: 2/2
  1429 | D:1      | Reached skill level 1 in Evocations
  1429 | D:1      | Reached ** piety under Trog
  1977 | D:2      | You fall into a shaft and drop 2 floors!
  2044 | D:4      | Reached XP level 4. HP: 27/40 MP: 3/3
  2340 | D:4      | Found a staircase to the Ecumenical Temple.
  2505 | D:4      | HP: 2/41 [something/puff of flame (7)]
  2505 | D:4      | Killed from afar by an orc wizard

Illustrated notes

Levels and vault maps discovered:
D:1:      elethiomel_arrival_maze, layout_basic, serial_bayou_pond_c
D:2:      layout_basic, ebering_ecumenical_altar_sacrificial
D:4:      layout_cave_pods, minmay_temple_entry_mini_moons,
          cheibrodos_sewer_entry_sluice

Skill      XL: |  1  2  3  4 |
---------------+-------------+-----
Fighting       | 4 |  4.4
Axes           | 4 |  4.3
Armour         | 3 |  3.4
Evocations     | 1 |  1.5
Dodging        | 3 |  3.1

Action                   |  1- 3 |  4- 6 || total
-------------------------+-------+-------++-------
Melee: Hand axe          |    89 |    30 ||   119
       Punch             |     2 |       ||     2
       Headbutt          |     6 |     3 ||     9
Throw: Dart              |     1 |       ||     1
Invok: Berserk           |       |     1 ||     1
 Stab: Sleeping          |     1 |       ||     1
Armor: Animal skin       |     5 |       ||     5
       Leather armour    |    10 |       ||    10
       Chain mail        |     6 |    44 ||    50
Dodge: Dodged            |    56 |    29 ||    85
